 Dungeon Crawl Stone Soup version 0.27-a0-1324-ge0d8e047f6 (webtiles) character file.

Game seed: 325481745480826479

439 Delamore the Spear-Bearer (level 7, 0/61 HPs)
             Began as a Formicid Fighter on June 23, 2021.
             Slain by a killer bee (5 damage)
             ... on level 4 of the Dungeon.
             The game lasted 00:03:19 (3153 turns).

Delamore the Spear-Bearer (Formicid Fighter)        Turns: 3153, Time: 00:03:19

Health: 0/61       AC:  6    Str: 23    XL:     7   Next: 22%
Magic:  7/7        EV:  8    Int:  7    God:
Gold:   143        SH:  0    Dex: 10    Spells: 6/6 levels left

rFire    . . .     SeeInvis +   a - +1 trident
rCold    . . .     Faith    .   c - +0 kite shield
rNeg     . . .     Spirit   .   b - +0 scale mail
rPois    .         Reflect  .   (helmet unavailable)
rElec    .         Harm     .   (no cloak)
rCorr    .         Rampage  .   (no gloves)
Will     .....                  (no boots)
Stlth    ..........             (no amulet)
HPRegen  0.20/turn              e - ring of flight
MPRegen  0.10/turn              (no ring)

@: confused, lethally poisoned (0 -> -6), ambrosia-drunk, flying
A: permanent stasis, dig shafts and tunnels, antennae 3, four strong arms
a: Dig, Shaft Self


You were on level 4 of the Dungeon.
You visited 1 branch of the dungeon, and saw 4 of its levels.

You collected 143 gold pieces.

Inventory:

Hand Weapons
 a - a +1 trident (weapon)
 f - a +1 dagger of venom
Missiles
 l - 4 javelins
 n - 11 poisoned darts (quivered)
 o - 5 atropa-tipped darts
Armour
 b - a +0 scale mail (worn)
 c - a +0 kite shield (worn)
Jewellery
 e - a ring of flight (left hand)
Scrolls
 g - 2 scrolls of identify
 i - 2 scrolls of fog
 p - 2 scrolls of immolation
Potions
 d - a potion of might
 h - a potion of attraction


   Skills:
 - Level 7.8 Fighting
 * Level 10.0 Polearms
 - Level 3.2 Armour
 - Level 3.6 Shields


You had 6 spell levels left.
You didn't know any spells.
Your spell library was empty.

Dungeon Overview and Level Annotations

Branches:
Dungeon (4/15)
 Temple: D:4-7

Altars:

Annotations:
D:4 1 transporter


Innate Abilities, Weirdness & Mutations

You cannot be hasted, slowed, berserked, paralysed or teleported.
You can dig through walls and to a lower floor.
You have a pair of large antennae on your head. (SInv)
Your four strong arms can wield two-handed weapons with a shield.


Message History

The killer bee stings you!
Your Polearms skill increases to level 10!
You miss the killer bee. The killer bee stings you.
You are poisoned.
The killer bee poisons you! The killer bee barely misses you.
You hit the killer bee.
The killer bee is lightly wounded.
You feel sick. You block the killer bee's attack. x2
You closely miss the killer bee.
The killer bee is lightly wounded.
You feel sick.
The killer bee stings you but does no damage.
The killer bee barely misses you.
Okay, then.
You hit the killer bee.
The killer bee is moderately wounded.
You feel sick. The killer bee barely misses you.
You block the killer bee's attack.
Your shield and scale mail prevent you from hitting the killer bee.
The killer bee is moderately wounded.
You feel sick. The killer bee stings you.
* * * LOW HITPOINT WARNING * * *
The killer bee stings you.
* * * LOW HITPOINT WARNING * * *
You are confused.
You feel invigorated.
You feel sick. The killer bee stings you.
* * * LOW HITPOINT WARNING * * *
You are lethally poisoned!
The killer bee poisons you! The killer bee barely misses you.
You are too confused!
* * * LOW HITPOINT WARNING * * *
You feel very sick. The killer bee stings you.
* * * LOW HITPOINT WARNING * * *
* * * LOW HITPOINT WARNING * * *
You feel very sick. The killer bee barely misses you.
* * * LOW HITPOINT WARNING * * *
You feel sick. The killer bee stings you.
You die...

##......###......###+###
#........##......#≈...≈#
##.##.......#.......#≈...≈#
#...............###.#≈≈≈≈≈#
.......†##........^.#≈P♣≈≈#
.....###............#≈≈P≈≈#
......##............#;≈≈≈≈#
.........yy.........#;≈≈≈≈#
#.....##..@........###+###
....####.....#..#..#P.(.P#
#.. #........#....)#8.©.8#
#. #........<...#†####### #
.......#...........©...
#.#..###.###.........##
#.... .... #........##
..##..... ###....###
........# ......#


You could see 2 killer bees.

Vanquished Creatures
  A sky beast (D:3)
  An ogre (D:4)
  A phantom (D:3)
  A killer bee (D:4)
  2 adders
  3 dart slugs
  10 endoplasms
  2 giant cockroaches
  8 goblins
  10 hobgoblins
  18 jackals
  8 kobolds
  A quokka (D:3)
  4 ball pythons
  A bat (D:3)
  4 frilled lizards
  2 rats (D:2)
77 creatures vanquished.

Notes
Turn   | Place    | Note
-------+----------+-------------------------------------------
     0 | D:1      | Delamore the Formicid Fighter began the quest for the Orb.
     0 | D:1      | Reached XP level 1. HP: 18/18 MP: 1/1
    70 | D:1      | Reached XP level 2. HP: 15/24 MP: 2/2
   581 | D:1      | Reached XP level 3. HP: 30/30 MP: 3/3
   933 | D:1      | Reached skill level 9 in Polearms
   933 | D:1      | Reached XP level 4. HP: 44/44 MP: 4/4
  1564 | D:2      | Reached XP level 5. HP: 49/49 MP: 5/5
  2017 | D:3      | Noticed a sky beast
  2039 | D:3      | Killed a sky beast
  2040 | D:3      | Reached XP level 6. HP: 19/56 MP: 6/6
  2532 | D:3      | Found a faded altar of an unknown god.
  2872 | D:4      | Noticed an ogre
  2884 | D:4      | Killed an ogre
  2885 | D:4      | Reached XP level 7. HP: 19/61 MP: 7/7
  3094 | D:4      | Found a transporter.
  3145 | D:4      | Reached skill level 10 in Polearms
  3149 | D:4      | HP: 3/61 [killer bee (5)]
  3153 | D:4      | Slain by a killer bee

Illustrated notes

Levels and vault maps discovered:
D:1:      dpeg_arrival_rhombi, layout_loops_ring
D:2:      layout_loops_ring, hex_large, minmay_split_cup_small
D:3:      minmay_spotlight, layout_basic,
          chequers_ecumenical_altar_simple_redux, minmay_cupped
D:4:      gammafunk_steamed_eel, layout_cave_pools,
          nicolae_overflow_crystal_walls, serial_bayou_pond_d

Skill      XL: |  1  2  3  4  5  6  7 |
---------------+----------------------+-----
Fighting       | 7 |  7.8
Polearms       | 9 10 | 10.0
Armour         | |  3.2
Shields        | |  3.6

Action                   |  1- 3 |  4- 6 |  7- 9 || total
-------------------------+-------+-------+-------++-------
Melee: Trident           |    15 |   177 |    17 ||   209
       Dagger            |    52 |       |       ||    52
  Use: Scroll            |     2 |     9 |       ||    11
       Potion            |     1 |     1 |     2 ||     4
Armor: Scale mail        |    28 |    44 |     9 ||    81
Dodge: Dodged            |    23 |    36 |    17 ||    76
Block: Kite shield       |    30 |    61 |     8 ||    99

Table legend: (Time is in decaauts)
 A = Elapsed time spent in this place.
 B = Non-inter-level travel time spent in this place.
 C = Inter-level travel time spent in this place.
 D = Time resting spent in this place.
 E = Time spent auto-exploring this place.
 F = Levels seen in this place.
 G = Mean time per level.
                   A        B        C        D        E       F      G
               +--------+--------+--------+--------+--------+-----+--------+
         Total |   3168 |   3058 |    110 |    671 |   1884 |   4 |  792.0 |
       Dungeon |   3168 |   3058 |    110 |    671 |   1884 |   4 |  792.0 |
               +--------+--------+--------+--------+--------+-----+--------+

Top non-repeatable levels by time:
     D:1: 1225 daAuts
     D:3: 1109 daAuts
     D:2: 756 daAuts
     D:4: 77 daAuts
